 Dungeon Sprint DCSS version 0.30-a0-219-gf2db51d15e (webtiles) character file.

Game seed: 1408260593039913816

1374 rocky1 the Carver (level 8, -3/79 HPs)
             Began as a Minotaur Gladiator on Oct 8, 2022.
             Was an Initiate of Gozag.
             Slain by a boulder beetle (20 damage)
             ... in the Dungeon (Sprint VII: "The Pits").
             The game lasted 00:02:08 (1407 turns).

rocky1 the Carver (Minotaur Gladiator)              Turns: 1407, Time: 00:02:08

Health: -3/79      AC: 11    Str: 19    XL:     8   Next: 39%
Magic:  7/7        EV: 14    Int:  5    God:    Gozag
Gold:   1449       SH:  0    Dex: 14    Spells: 7/7 levels left

rFire   . . .      SeeInvis .    p - +0 long sword (holy)
rCold   . . .      Faith    .    (no shield)
rNeg    . . .      Spirit   .    o - +3 scale mail
rPois   .          Reflect  .    c - +0 hat
rElec   .          Harm     .    (no cloak)
rCorr   .          Rampage  .    (no gloves)
Will    .....      NoTele   +    (no boots)
Stlth   ..........               (no amulet)
HPRegen 0.33/turn                (no ring)
MPRegen 0.10/turn                (no ring)

@: no status effects
A: horns 2, retaliatory headbutt
a: Renounce Religion, Potion Petition, Call Merchant, Bribe Branch


You were in the Dungeon.
You worshipped Gozag.
Gozag was most pleased with you.
You visited 1 branch You collected 1449 gold pieces.

Inventory:

Hand Weapons
 a - a +0 long sword
 p - a +0 long sword of holy wrath (weapon)
Missiles
 d - 3 throwing nets (quivered)
 e - a javelin
Armour
 b - a +0 leather armour
 c - a +0 hat (worn)
 o - a +3 scale mail (worn)
Scrolls
 k - a scroll of blinking
 m - 5 scrolls of amnesia
 n - a scroll of summoning
Potions
 f - 6 potions of curing
 g - 5 potions of heal wounds
 h - a potion of haste
 i - 4 potions of magic
 j - a potion of berserk rage
 l - 2 potions of invisibility


   Skills:
 + Level 10.0 Fighting
 + Level 14.6 Long Blades
 + Level 4.3 Throwing
 + Level 8.1 Armour
 + Level 10.3 Dodging


You had 7 spell levels left.
You didn't know any spells.
Your spell library was empty.

Dungeon Overview and Level Annotations

Branches:
Dungeon (1/1)

Altars:
Ashenzari
Cheibriados
Dithmenos
Elyvilon
Fedhas
Gozag
Hepliaklqana
Kikubaaqudgha
Makhleb
Nemelex Xobeh
Okawaru
Qazlal
Ru
Sif Muna
Trog
Uskayaw
Vehumet
Wu Jian
Xom
Yredelemnul
Zin
The Shining One
Jiyva
Lugonu


Innate Abilities, Weirdness & Mutations

You have a pair of horns on your head.
You reflexively headbutt those who attack you in melee.


Message History

You headbutt the boulder beetle, but do no damage.
The boulder beetle is lightly wounded.
The boulder beetle closely misses you.
You hit the boulder beetle but do no damage.
The boulder beetle is lightly wounded.
The boulder beetle bites you.
You hit the boulder beetle but do no damage.
The boulder beetle is lightly wounded.
You hit the boulder beetle but do no damage.
You headbutt the boulder beetle.
The boulder beetle is lightly wounded.
The boulder beetle completely misses you.
You slash the boulder beetle!
The boulder beetle is moderately wounded.
The boulder beetle bites you!!
You hit the boulder beetle but do no damage.
The boulder beetle is moderately wounded.
The boulder beetle closely misses you. You furiously retaliate!
You headbutt the boulder beetle, but do no damage.
You hit the boulder beetle but do no damage.
The boulder beetle is moderately wounded.
You hit the boulder beetle but do no damage.
You headbutt the boulder beetle, but do no damage.
The boulder beetle is moderately wounded.
The boulder beetle barely misses you.
You hit the boulder beetle but do no damage.
The boulder beetle is moderately wounded.
The boulder beetle bites you.
You slash the boulder beetle!
The boulder beetle is moderately wounded.
You hit the boulder beetle.
The boulder beetle is moderately wounded.
The boulder beetle bites you!!
* * * LOW HITPOINT WARNING * * *
You hit the boulder beetle but do no damage.
You headbutt the boulder beetle, but do no damage.
The boulder beetle is moderately wounded.
The boulder beetle bites you!!
You die...
Your body crumbles into a pile of gold.

#.####'##'###...<...#
#)#........##.......#
#)#........##.......#
#)###########.......#
#.).....#..##########
#..#.#..#.######
#.##.##.#.#....#
#.......#'#B...#
#.##.##.#.@....+
#..#.#..#)#....#
#.......'.#....#
################


You could see a boulder beetle.

Vanquished Creatures
  An orc sorcerer (D)
  A black mamba (D)
  Menkaure (D)
  2 floating eyes (D)
  An orc warrior (D)
  A crimson imp (D)
  An orc priest (D)
  A hound (D)
  A jelly (D)
  An iguana (D)
  2 orc wizards (D)
  A gnoll (D)
  3 orcs (D)
  A bat skeleton (D)
  2 goblins (D)
  A hobgoblin (D)
  3 jackals (D)
  A quokka (D)
  A ball python (D)
  A frilled lizard (D)
  3 rats (D)
30 creatures vanquished.

Notes
Turn   | Place    | Note
-------+----------+-------------------------------------------
     0 | D        | rocky1 the Minotaur Gladiator began the quest for the Orb.
     0 | D        | Reached XP level 1. HP: 18/18 MP: 0/0
    20 | D        | Reached skill level 4 in Long Blades
    20 | D        | Reached XP level 2. HP: 8/25 MP: 1/1
   276 | D        | Found a bloodstained altar of Trog.
   276 | D        | Found a shimmering blue altar of Sif Muna.
   276 | D        | Found a viscous altar of Jiyva.
   276 | D        | Found a hazy altar of Hepliaklqana.
   276 | D        | Found an opulent altar of Gozag.
   277 | D        | Found a glowing golden altar of the Shining One.
   277 | D        | Found a glowing silver altar of Zin.
   277 | D        | Found a basalt altar of Yredelemnul.
   277 | D        | Found a shimmering altar of Xom.
   277 | D        | Found an ornate altar of the Wu Jian Council.
   277 | D        | Found a sacrificial altar of Ru.
   277 | D        | Found a stormy altar of Qazlal.
   277 | D        | Found an iron altar of Okawaru.
   277 | D        | Found a sparkling altar of Nemelex Xobeh.
   277 | D        | Found a burning altar of Makhleb.
   277 | D        | Found a blossoming altar of Fedhas.
   277 | D        | Found a white marble altar of Elyvilon.
   277 | D        | Found a shadowy altar of Dithmenos.
   277 | D        | Found a snail-covered altar of Cheibriados.
   280 | D        | Found a corrupted altar of Lugonu.
   280 | D        | Found a radiant altar of Vehumet.
   281 | D        | Found an ancient bone altar of Kikubaaqudgha.
   281 | D        | Found a hide-covered altar of Uskayaw.
   281 | D        | Found a broken altar of Ashenzari.
   284 | D        | Became a worshipper of Gozag Ym Sagoz the Greedy
   325 | D        | Reached skill level 5 in Long Blades
   345 | D        | Noticed a floating eye
   347 | D        | Killed a floating eye
   348 | D        | Reached skill level 7 in Long Blades
   348 | D        | Reached XP level 3. HP: 31/34 MP: 2/2
   348 | D        | Reached XP level 4. HP: 38/41 MP: 3/3
   357 | D        | Noticed a floating eye
   364 | D        | Killed a floating eye
   365 | D        | Reached skill level 5 in Fighting
   365 | D        | Reached skill level 9 in Long Blades
   365 | D        | Reached XP level 5. HP: 48/48 MP: 4/4
   450 | D        | Noticed an orc warrior
   457 | D        | Reached skill level 10 in Long Blades
   457 | D        | Reached XP level 6. HP: 49/57 MP: 5/5
   473 | D        | Killed an orc warrior
   474 | D        | Reached skill level 11 in Long Blades
   643 | D        | Noticed an orc sorcerer
   647 | D        | Noticed a red devil
   655 | D        | HP: 1/60 [red devil/+0 trident[an orc sorcerer] (3)]
   662 | D        | Killed an orc sorcerer
   663 | D        | Reached skill level 13 in Long Blades
   663 | D        | Reached XP level 7. HP: 28/69 MP: 6/6
   952 | D        | Noticed Menkaure
   952 | D        | Noticed a black mamba
   952 | D        | Noticed a boulder beetle
   962 | D        | Killed a black mamba
   963 | D        | Reached skill level 14 in Long Blades
   963 | D        | Reached skill level 10 in Dodging
   963 | D        | Reached XP level 8. HP: 54/79 MP: 7/7
   968 | D        | Killed Menkaure
   969 | D        | Reached skill level 10 in Fighting
  1407 | D        | Slain by a boulder beetle

Illustrated notes

Levels and vault maps discovered:
D:        pitsprint [storerooms_1, entrance_room_1, metal_vault_6, armoury_1,
          mini_pit_1, grid_room_1, main_hall_1, silver_pit, the_coven_1,
          the_vestibule_1, steel_vault_1, golden_pit, hallway_of_sentries,
          crystal_vault_2, iron_vault_1, final_vault]

Skill      XL: |  1  2  3  4  5  6  7  8 |
---------------+-------------------------+-----
Long Blades    | 4 7 9 10 13 14 | 14.6
Dodging        | 4 6 8 9 10 | 10.3
Fighting       | 4 5 8 9 10 | 10.0
Throwing       | 3 4 |  4.3
Armour         | 2 3 6 7 8 |  8.1

Action                   |  1- 3 |  4- 6 |  7- 9 || total
-------------------------+-------+-------+-------++-------
Melee: Long sword        |    12 |    70 |    38 ||   120
       Headbutt          |     3 |     6 |    12 ||    21
       Punch             |       |     2 |     1 ||     3
  Use: Potion            |       |     3 |       ||     3
Armor: Leather armour    |     2 |       |       ||     2
       Scale mail        |       |    16 |     5 ||    21
Dodge: Dodged            |    10 |    39 |    13 ||    62

Table legend: (Time is in decaauts)
 A = Elapsed time spent in this place.
 B = Non-inter-level travel time spent in this place.
 C = Inter-level travel time spent in this place.
 D = Time resting spent in this place.
 E = Time spent auto-exploring this place.
 F = Levels seen in this place.
 G = Mean time per level.
                   A        B        C        D        E       F      G
               +--------+--------+--------+--------+--------+-----+--------+
         Total |   1401 |   1384 |     17 |   1048 |      0 |   1 | 1401.0 |
       Dungeon |   1401 |   1384 |     17 |   1048 |      0 |   1 | 1401.0 |
               +--------+--------+--------+--------+--------+-----+--------+

Top non-repeatable levels by time:
       D: 1401 daAuts
